 Dungeon Crawl Stone Soup version 0.31-a0-1074-g0b22e4e0f1 (webtiles) character file.

Game seed: 4781225125752136988

108 Jeffwins the Changeling (level 4, -1/19 HPs)
             Began as a Felid Shapeshifter on Dec 8, 2023.
             Frozen to death by an endoplasm (3 damage)
             ... on level 2 of the Dungeon.
             The game lasted 00:02:26 (1632 turns).

Jeffwins the Changeling (Felid Shapeshifter)        Turns: 1632, Time: 00:02:26

Health: -1/19      AC:  1    Str: 10    XL:     4   Next: 58%
Magic:  5/5        EV: 18    Int: 13    God:
Gold:   75         SH:  0    Dex: 15    Spells: 3/3 levels left
                                        Lives:  0   Deaths: 2

rFire   . .          .
                       - Unarmed
rCold   . . .        (shield unavailable)
rNeg    . . .        (body armour unavailable)
rPois   .            (helmet unavailable)
rElec   .            (cloak unavailable)
rCorr   .            (gloves unavailable)
SInv    +            (boots unavailable)
Will    .....        (no amulet)
Stlth   ++           (no ring)
HPRegen 0.23/turn    (no ring)
MPRegen 0.09/turn

%: no passive effects
@: beast-form, quick
A: beast (slay +2), very small, claws 1, fangs 3, see invisible, speed 1, shaggy
fur 1, stealthy paws, no weapons or thrown items, no armour, multi-lived
a: Begin Untransformation


You were on level 2 of the Dungeon.
You were a hulking beast.
You visited 1 branch of the dungeon, and saw 2 of its levels.

You collected 75 gold pieces.


Innate Abilities, Weirdness & Mutations

You are a hulking beast.
Your limbs bulge with bestial killing power. (Slay +2)
You have sharp claws.
You have razor-sharp teeth.
You have supernaturally acute eyesight. (SInv)
You cover ground quickly. (Speed+)
You are covered in fur. (AC +1)
Your paws help you pounce on unaware monsters.
You are incapable of wielding weapons or throwing items.
You cannot wear armour.
You gain extra lives every three experience levels.


   Skills:
 + Level 2.0 Fighting
 + Level 3.5 Dodging
 + Level 1.8 Stealth
 * Level 3.8 Unarmed Combat
 * Level 4.0 Shapeshifting


You had 3 spell levels left.
You didn't know any spells.
Your spell library was empty.

Inventory:

Jewellery
 C - a ring of ice
Talismans
 b - a beast talisman
 c - a flux talisman
Scrolls
 a - a scroll of amnesia {unknown}
 e - a scroll of blinking {unknown}
 g - a scroll of fear {unknown}
 i - a scroll of fog {unknown}
 j - a scroll of silence {unknown}
Potions
 d - 3 potions of curing {unknown}
 f - 3 potions of heal wounds {unknown}
 h - a potion of haste {unknown}
 k - a potion of invisibility {unknown}

Dungeon Overview and Level Annotations

Branches:
Dungeon (2/15)

Altars:

.#.###.##.### ####.## #.
(.......#.# #.....# #.
........#.#######.....#### #.
.####...#................# #.
.# #...#..............#.# #. .#
#..................#.########
.##
#............................
..#
#...#....).J)###.#.#.########
..###...#.......h# #.#.#.#
........#........# #...#.#
....#...#........#######.#
###.#.###..............#.#
#.#...##############.#.########
#.#.#<..#### #.#.........
#.#.###....# #.#######†.. #.#.#
####.## #####.# #... ###.#.#
#..# #...#.# #...


You could see an endoplasm.


Message History

An endoplasm comes into view.
You scratch the gnoll but do no damage.
The gnoll is lightly wounded.
The gnoll completely misses you.
You closely miss the gnoll.
The gnoll is lightly wounded.
The gnoll completely misses you.
You scratch the gnoll. You bite the gnoll.
The gnoll is moderately wounded.
The gnoll hits you with a +0 spear.
You closely miss the gnoll.
The gnoll is moderately wounded.
The gnoll closely misses you.
You scratch the gnoll.
The gnoll is severely wounded.
The gnoll hits you with a +0 spear!
* * * LOW HITPOINT WARNING * * *
You are too injured to fight recklessly!
Unknown command.
Unknown command.
You barely miss the gnoll.
The gnoll is severely wounded.
The endoplasm misses you. The gnoll hits you with a +0 spear!
* * * LOW HITPOINT WARNING * * *
Unknown command.
You scratch the gnoll.
You kill the gnoll!
The endoplasm freezes you.
You are frozen.
You die...

Skill      XL: |  1  2  3  4 |
---------------+-------------+-----
Dodging        | 3 |  3.5
Stealth        | 1 |  1.8
Fighting       | 2 |  2.0
Shapeshifting  | 4 |  4.0
Unarmed Combat | |  3.8

Action                     |  1- 3 |  4- 6 || total
---------------------------+-------+-------++-------
  Melee: Unarmed           |   100 |    45 ||   145
         Bite              |     7 |     2 ||     9
    Use: Potion            |     1 |       ||     1
   Stab: Sleeping          |     1 |     1 ||     2
         Distracted        |     1 |       ||     1
 Armour: Skin              |    24 |    18 ||    42
  Dodge: Dodged            |    74 |    33 ||   107

Levels and vault maps discovered:
D:1:      onia_arrival_pyramid, layout_loops_ring
D:2:      layout_basic, minmay_tall_x

Notes
Turn   | Place    | Note
-------+----------+-------------------------------------------
     0 | D:1      | Jeffwins the Felid Shapeshifter began the quest for the
                  | Orb.
     0 | D:1      | Reached XP level 1. HP: 9/9 MP: 2/2
    95 | D:1      | Reached XP level 2. HP: 12/12 MP: 3/3
   326 | D:1      | Reached skill level 3 in Dodging
   368 | D:1      | Reached skill level 1 in Stealth
   472 | D:1      | Reached XP level 3. HP: 15/15 MP: 4/4
   886 | D:2      | HP: 1/16 [adder (3)]
   887 | D:2      | Slain by an adder
   970 | D:2      | Reached XP level 4. HP: 19/19 MP: 5/5
  1112 | D:1      | Slain by a gnoll
  1125 | D:1      | HP: 1/19 [gnoll/+0 club (6)]
  1446 | D:2      | Reached skill level 2 in Fighting
  1596 | D:2      | Reached skill level 4 in Shapeshifting
  1632 | D:2      | Frozen to death by an endoplasm

Vanquished Creatures
  3 gnolls
  3 adders (D:2)
  2 dart slugs (D:1)
  5 ball pythons
  8 endoplasms
  3 giant cockroaches (D:1)
  8 hobgoblins
  2 jackals (D:1)
  3 quokkas
  2 bats
  3 goblins (D:1)
  6 kobolds
  6 rats
54 creatures vanquished.

Table legend: (Time is in decaauts)
 A = Elapsed time spent in this place.
 B = Non-inter-level travel time spent in this place.
 C = Inter-level travel time spent in this place.
 D = Time resting spent in this place.
 E = Time spent auto-exploring this place.
 F = Levels seen in this place.
 G = Mean time per level.
                   A        B        C        D        E       F      G
               +--------+--------+--------+--------+--------+-----+--------+
         Total |   1393 |   1372 |     21 |    167 |    841 |   2 |  696.5 |
       Dungeon |   1393 |   1372 |     21 |    167 |    841 |   2 |  696.5 |
               +--------+--------+--------+--------+--------+-----+--------+

Top non-repeatable levels by time:
     D:2: 735 daAuts
     D:1: 658 daAuts

Table legend:
 A = Non-vault XP
 B = Vault XP
 C = Vault XP percentage of total XP
 D = Non-vault monster count
 E = Vault monster count
 F = Vault count percentage of total count
                 A         B        C        D         E       F
            +---------+---------+-------+---------+---------+-------
      Total |     162 |       7 |   4.1 |      50 |       4 |   7.4
            +---------+---------+-------+---------+---------+-------
        D:1 |      73 |       0 |   0.0 |      32 |       0 |   0.0
        D:2 |      89 |       7 |   7.3 |      18 |       4 |  18.2
            +---------+---------+-------+---------+---------+-------
